 Dungeon Crawl Stone Soup version 0.26.1-11-gd32895ea62 (webtiles) character file.

Game seed: 13291747591625945257

10581 Zeld the Cleaver (level 11, -9/100 HPs)
             Began as a Minotaur Berserker on May 23, 2021.
             Was a Priest of Trog.
             Mangled by a six-headed hydra (12 damage)
             ... on level 10 of the Dungeon.
             The game lasted 00:14:09 (15577 turns).

Zeld the Cleaver (Minotaur Berserker)              Turns: 15577, Time: 00:14:10

Health: -9/100     AC: 13    Str: 26    XL:     11   Next: 38%
Magic:  10/10      EV: 10    Int:  4    God:    Trog [***...]
Gold:   698        SH:  0    Dex:  9    Spells: 10/10 levels left

rFire    . . .     SeeInvis .   E - +5 hand axe
rCold    . . .     Faith    .   (no shield)
rNeg     . . .     Spirit   .   t - +0 plate armour
rPois    .         Reflect  .   (helmet restricted)
rElec    .         Harm     .   J - +0 cloak
rCorr    .         Rampage  .   (no gloves)
Will     .....     Rnd*Rage +   y - +0 pair of boots
Stlth    ..........             (no amulet)
HPRegen  0.26/turn              (no ring)
MPRegen  0.12/turn              (no ring)

@: no status effects
A: retaliatory headbutt, horns 2, berserk 1
a: Renounce Religion, Berserk, Trog's Hand


You were on level 10 of the Dungeon.
You worshipped Trog.
Trog was most pleased with you.
You visited 2 branches of the dungeon, and saw 12 of its levels.

You collected 698 gold pieces.

Inventory:

Hand Weapons
 D - a +2 hand axe of freezing
 E - a +5 hand axe (weapon)
Armour
 t - a +0 plate armour (worn)
 y - a +0 pair of boots (worn)
 J - a +0 cloak (worn)
Jewellery
 r - an uncursed ring of protection from fire
 L - an uncursed ring of ice
Wands
 a - a wand of paralysis (4)
 s - a wand of flame (19)
 F - a wand of enslavement (5)
 K - a wand of digging (2)
Scrolls
 c - 7 scrolls of identify {unknown}
 e - 3 scrolls of fog {unknown}
 f - 2 scrolls of magic mapping {unknown}
 i - a scroll of immolation {unknown}
 j - 5 scrolls of remove curse
 m - 4 scrolls of noise {unknown}
 n - a scroll of enchant weapon {unknown}
 o - 2 scrolls of amnesia {unknown}
 p - 5 scrolls of random uselessness {unknown}
 w - a scroll of fear {unknown}
 z - 2 scrolls of teleportation {unknown}
 B - a scroll of enchant armour {unknown}
 H - a scroll of blinking {unknown}
Potions
 b - 3 potions of lignification {unknown}
 d - 3 potions of degeneration {unknown}
 g - 2 potions of mutation {unknown}
 h - 3 potions of attraction {unknown}
 k - 6 potions of flight {unknown}
 l - a potion of invisibility {unknown}
 q - 2 potions of curing {unknown}
 u - 3 potions of haste {unknown}
 v - 6 potions of heal wounds {unknown}
 x - a potion of brilliance {unknown}
 A - a potion of might {unknown}
 C - 2 potions of magic {unknown}
 I - 2 potions of cancellation {unknown}
 M - a potion of ambrosia {unknown}
Miscellaneous
 G - a phantom mirror


   Skills:
 * Level 10.2 Fighting
 - Level 14.0 Axes
 - Level 2.4 Armour
 * Level 9.0 Dodging
 * Level 7.1 Evocations


You had 10 spell levels left.
You didn't know any spells.
Your spell library was empty.

Dungeon Overview and Level Annotations

Branches:
Dungeon (11/15)            Temple (1/1) D:7            Lair (0/6) D:9
    Orc (0/2) D:9

Altars:
Ashenzari
Cheibriados
Dithmenos
Elyvilon
Fedhas
Gozag
Hepliaklqana
Kikubaaqudgha
Makhleb
Nemelex Xobeh
Okawaru
Qazlal
Ru
Sif Muna
Trog
Uskayaw
Vehumet
Wu Jian
Xom
Yredelemnul
Zin
The Shining One
Lugonu

Shops:
D:9 (


Innate Abilities, Weirdness & Mutations

You reflexively headbutt those who attack you in melee.
You have a pair of horns on your head.
You tend to lose your temper in combat.


Message History

The six-headed hydra barely misses you.
The six-headed hydra bites you but does no damage.
The six-headed hydra closely misses you.
The six-headed hydra barely misses you.
The six-headed hydra bites you but does no damage.
Aiming: Paralyse
Press: ? - help, Shift-Dir - straight line, f/p - six-headed hydra
Aim: a six-headed hydra (chance to affect: 32%)
The six-headed hydra easily resists.
The six-headed hydra misses you. You furiously retaliate!
You headbutt the six-headed hydra! The six-headed hydra barely misses you.
The six-headed hydra bites you!
* * * LOW HITPOINT WARNING * * *
The six-headed hydra bites you!
* * * LOW HITPOINT WARNING * * *
The six-headed hydra closely misses you. x2
Aiming: Paralyse
Press: ? - help, Shift-Dir - straight line, f/p - six-headed hydra
Aim: a six-headed hydra (lightly wounded, chance to affect: 32%)
The six-headed hydra easily resists.
The six-headed hydra bites you!
You die...

..........(#.#.#.#...............
...........#^^^^^#........)......
...........#########.............
...........'.....'.#.............
...........#########.#.##.#######
...........#^^^^^#...######
...>#..)...#.#.#.#...#
#####......#######...#
##.........D@....#
#.....#....#.....#
#.....#....#.....#
#.....#....#.....#
##################


You could see a six-headed hydra.

Vanquished Creatures
  Fannar (D:10)
  Harold (D:7)
  A centaur warrior (D:10)
  Maggie (D:8)
  A komodo dragon (D:9)
  A troll (D:9)
  3 wyverns
  13 yaks
  2 basilisks (D:9)
  2 water moccasins
  A black bear (D:11)
  An ice beast (D:5)
  4 sky beasts
  A swamp drake (D:9)
  3 orc warriors
  An eye of draining (D:11)
  3 phantoms
  A necrophage (D:8)
  4 centaurs
  3 ogres
  A big kobold (D:7)
  A gnoll sergeant (D:8)
  6 bullfrogs
  2 scorpions
  17 wights
  2 howler monkeys
  3 bullfrog zombies
  A centaur zombie (D:10)
  3 orc priests
  A centaur skeleton (D:6)
  5 hounds
  2 jellies (D:7)
  3 orc wizards
  3 iguanas
  6 worker ants
  A hound zombie (D:6)
  A howler monkey zombie (D:9)
  A worker ant zombie (D:7)
  8 gnolls
  A howler monkey skeleton (D:4)
  7 adders
  3 ufetubi
  An ooze (D:3)
  3 adder skeletons
  3 dart slugs
  11 leopard geckos
  37 orcs
  9 bats
  5 giant cockroaches
  7 hobgoblins
  11 jackals
  3 quokkas (D:7)
  A ball python skeleton (D:4)
  8 frilled lizards
  13 goblins
  A jackal zombie (D:5)
  15 kobolds
  2 quokka zombies
  8 rats
264 creatures vanquished.

Vanquished Creatures (collateral kills)
  2 two-headed ogres
  An orc warrior (D:9)
  4 orcs (D:9)
7 creatures vanquished.

Grand Total: 271 creatures vanquished

Notes
Turn   | Place    | Note
-------+----------+-------------------------------------------
     0 | D:1      | Zeld the Minotaur Berserker began the quest for the Orb.
     0 | D:1      | Reached XP level 1. HP: 19/19 MP: 0/0
   284 | D:1      | Reached skill level 4 in Axes
   549 | D:1      | Reached XP level 2. HP: 24/26 MP: 1/1
  1253 | D:1      | Reached skill level 5 in Axes
  1466 | D:1      | Reached XP level 3. HP: 26/31 MP: 2/2
  2110 | D:2      | Reached ** piety under Trog
  2227 | D:2      | Reached skill level 6 in Axes
  2227 | D:2      | Reached XP level 4. HP: 21/39 MP: 3/3
  2968 | D:2      | Found a faded altar of an unknown god.
  3104 | D:2      | Found a stormy altar of Qazlal.
  3383 | D:2      | Found a shimmering blue altar of Sif Muna.
  3383 | D:2      | Found a burning altar of Makhleb.
  3682 | D:3      | Found a white marble altar of Elyvilon.
  4131 | D:3      | Reached *** piety under Trog
  4132 | D:3      | Reached skill level 7 in Axes
  4132 | D:3      | Reached XP level 5. HP: 45/45 MP: 4/4
  4558 | D:4      | Noticed a phantom
  4573 | D:4      | Killed a phantom
  4574 | D:4      | Reached skill level 8 in Axes
  4574 | D:4      | Reached XP level 6. HP: 41/51 MP: 5/5
  5211 | D:4      | Reached skill level 9 in Axes
  5375 | D:5      | Entered Level 5 of the Dungeon
  5383 | D:5      | Noticed an ice beast
  5403 | D:5      | Reached XP level 7. HP: 57/57 MP: 6/6
  5407 | D:5      | Reached skill level 10 in Axes
  5880 | D:5      | Found a hide-covered altar of Uskayaw.
  5939 | D:5      | Got a heavily runed jade ring
  5943 | D:5      | Identified the ring of Democracy {Fire *Contam rElec Slay+3
                  | Stlth+} (You found it on level 5 of the Dungeon)
  5966 | D:5      | Gained mutation: You tend to lose your temper in combat.
                  | [mutagenic glow]
  6503 | D:6      | Reached **** piety under Trog
  6504 | D:6      | Reached skill level 11 in Axes
  6758 | D:6      | Reached XP level 8. HP: 60/64 MP: 7/7
  6802 | D:6      | Found a hazy altar of Hepliaklqana.
  6803 | D:6      | Found an opulent altar of Gozag.
  6966 | D:6      | Reached skill level 12 in Axes
  7027 | D:6      | Found an ornate altar of the Wu Jian Council.
  7244 | D:6      | Found an ancient bone altar of Kikubaaqudgha.
  7644 | D:7      | Reached skill level 13 in Axes
  7896 | D:7      | Found a staircase to the Ecumenical Temple.
  8002 | Temple   | Entered the Ecumenical Temple
  8221 | D:7      | Noticed Harold
  8234 | D:7      | Killed Harold
  8235 | D:7      | Reached skill level 14 in Axes
  8235 | D:7      | Reached XP level 9. HP: 72/72 MP: 8/8
  8896 | D:7      | Found a snail-covered altar of Cheibriados.
  9000 | D:7      | Reached skill level 5 in Fighting
  9023 | D:7      | Found a glowing silver altar of Zin.
  9067 | D:8      | Noticed a two-headed ogre
  9071 | D:8      | Killed a two-headed ogre
  9442 | D:8      | Reached skill level 5 in Dodging
  9654 | D:8      | Noticed Maggie
  9669 | D:8      | Killed Maggie
 10153 | D:8      | Reached XP level 10. HP: 84/84 MP: 9/9
 10843 | D:9      | Reached skill level 5 in Evocations
 10902 | D:9      | Found Myighelex's Weapon Shop.
 11765 | D:9      | Found a staircase to the Orcish Mines.
 11956 | D:9      | Reached ***** piety under Trog
 12099 | D:9      | Found a staircase to the Lair.
 13180 | D:10     | Entered Level 10 of the Dungeon
 13192 | D:10     | Noticed a two-headed ogre
 13196 | D:10     | Killed a two-headed ogre
 13324 | D:10     | Reached XP level 11. HP: 74/97 MP: 10/10
 13776 | D:10     | Noticed a centaur warrior
 13798 | D:10     | Noticed Fannar
 13807 | D:10     | Killed Fannar
 14542 | D:10     | Killed a centaur warrior
 14543 | D:10     | Reached skill level 10 in Fighting
 14781 | D:11     | Found a radiant altar of Vehumet.
 14944 | D:11     | Noticed a four-headed hydra
 15576 | D:10     | HP: 3/100 [six-headed hydra (10)]
 15577 | D:10     | Mangled by a six-headed hydra

Illustrated notes

Levels and vault maps discovered:
D:1:      dpeg_arrival_rooms_b, layout_loops_cross, columned_hall_lemuel,
          chequers_decorated_corner
D:2:      layout_rooms, grunt_qazlal_clouds, gammafunk_temple_overflow_wave,
          chequers_ecumenical_altar_twisty
D:3:      layout_rooms, nicolae_overflow_crystal_walls
D:4:      layout_gridville
D:5:      layout_basic, eat_drink_and_be_merry_uskayaw, chequers_garden,
          serial_park_tiny_2
D:6:      layout_rooms, lemuel_round_altar, marbit_many_paths,
          grunt_temple_overflow_open
D:7:      layout_basic, cheibriados_altar_1, zin_treasury,
          minmay_temple_entry_offerings, uniq_harold
D:8:      layout_basic, uniq_maggie
D:9:      layout_long_grid, erik_lair_dragon, david_orc_2, special_room
          [special_room_orc], serial_shops, nicolae_shop_stone,
          dk_rats_in_the_wall
D:10:     layout_gridville, grunt_tough_drop, uniq_fannar
D:11:     layout_loops_cross, basic_altar, okawaru_ov_weapons_minmay
Temple:   kb_corrupted_temple

Skill      XL: |  1  2  3  4  5  6  7  8  9 10 11 |
---------------+----------------------------------+-----
Axes           | 4 5 6 7 8 9 11 14 | 14.0
Fighting       | 4 6 9 10 | 10.2
Dodging        | 3 5 8 9 |  9.0
Evocations     | 2 4 6 7 |  7.1
Armour         | |  2.4

Action                   |  1- 3 |  4- 6 |  7- 9 | 10-12 || total
-------------------------+-------+-------+-------+-------++-------
Melee: Hand axe          |    87 |   142 |   255 |   238 ||   722
       Headbutt          |    12 |    26 |    46 |    52 ||   136
Invok: Berserk           |     2 |     4 |     7 |     8 ||    21
       Brothers in Arms  |       |       |     1 |     4 ||     5
       Trog's Hand       |       |       |       |     1 ||     1
Evoke: Wand              |       |       |       |     5 ||     5
  Use: Scroll            |       |     2 |     1 |     1 ||     4
 Stab: Sleeping          |     1 |       |       |       ||     1
Armor: Plate armour      |       |    39 |   119 |    76 ||   234
Dodge: Dodged            |    81 |    73 |    60 |    93 ||   307
